Map: Lerilak Crest

Players

Petraeus - Winner!

  • Race: Zerg Zerg
  • League: Grandmaster

iaguz

  • Race: Terran Terran

Event: 2016 WCS Winter Challenger Oceania SEA

VOD

Have the link to the VOD?

Description

Time

  • Played on: Feb. 13, 2016, 9:23 p.m.
  • Length: 11:37

All games in this series

Show
View Real Time Build Order
Export as new Build Order

Petraeus Zerg - Winner!

Build Orders: Hatch First 

Get SALT Encoding   

  12  0:01  Drone  
  13  0:08  Drone  
  14  0:17  Overlord  
  14  0:21  Extractor  
  14  0:23  Drone  
  15  0:36  Drone x2  
  17  0:52  Hatchery  
  17  0:55  Drone  
  17  0:59  Drone  
  18  1:12  Spawning Pool  
  18  1:15  Drone  
  18  1:18  Drone  
  19  1:39  Hatchery  
  18  1:40  Drone  
  18  1:44  Drone  
  20  1:59  Queen  
  22  2:03  Queen  
  22  2:05  Zergling x2  
  22  2:08  Zergling x2  
  26  2:13  Overlord  
  26  2:17  Drone  
  26  2:18  Drone  
  28  2:32  Drone x2  
  28  2:35  Drone  
  31  2:37  Queen  
  31  2:42  Queen  
  35  2:46  Zergling x2  
  36  2:53  Drone x2  
  36  2:56  Drone x2  
  40  2:59  Extractor x2  
  40  3:00  Drone  
  40  3:05  Drone  
  39  3:08  Overlord x2  
  39  3:11  Drone  
  40  3:13  Drone  
  40  3:17  Extractor  
  40  3:18  Drone  
  42  3:27  Drone x2  
  42  3:28  Drone x3  
  42  3:29  Drone  
  42  3:32  Drone  
  42  3:33  Drone  
  49  3:38  Drone  
  49  3:40  Drone  
  51  3:43  Drone  
  51  3:46  Lair  
  52  3:53  Roach Warren  
  52  3:55  Zergling x4  
  53  3:57  Drone x2  
  53  4:01  Drone x2  
  56  4:04  Drone  
  56  4:09  Overlord  
  57  4:11  Evolution Chamber  
  57  4:14  Zergling x2  
  57  4:15  Drone  
  58  4:20  Overlord  
  58  4:25  Overlord  
  58  4:26  Overlord  
  58  4:37  Zerg Missile Weapons Level 1  
  58  4:40  Extractor  
  58  4:41  Drone x2, Spore Crawler  
  58  4:43  Drone x3  
  58  4:44  Roach x4  
  58  4:45  Roach x2  
  73  4:47  Drone  
  73  4:48  Glial Reconstitution  
  74  4:53  Spore Crawler  
  74  4:54  Drone  
  74  4:55  Drone x2  
  74  4:57  Overseer  
  74  4:59  Drone  
  77  5:04  Drone x4  
  81  5:08  Drone  
  81  5:11  Overlord  
  81  5:12  Overlord  
  82  5:16  Extractor  
  82  5:19  Overlord  
  82  5:20  Overlord, Spore Crawler  
  80  5:24  Extractor  
  80  5:25  Extractor  
  80  5:27  Overlord  
  78  5:30  Drone  
  78  5:32  Drone, Ravager x3  
  78  5:33  Drone x3  
  85  5:40  Drone x3  
  85  5:41  Overlord x2  
  89  5:42  Ravager  
  89  5:43  Drone x2  
  89  5:45  Drone x2  
  93  5:55  Ravager  
  94  5:58  Hatchery  
  94  5:59  Drone  
  94  6:00  Drone  
  95  6:04  Drone  
  95  6:05  Infestation Pit  
  95  6:07  Ravager  
  95  6:10  Evolution Chamber, Roach x3  
  101  6:15  Metabolic Boost  
  101  6:25  Overlord x2  
  101  6:26  Drone x3  
  101  6:27  Drone x4  
  101  6:28  Drone  
  109  6:36  Zerg Missile Weapons Level 2  
  109  6:37  Zerg Ground Armor Level 1  
  109  6:38  Overlord  
  109  6:39  Pneumatized Carapace  
  109  6:42  Drone x2  
  109  6:45  Hive  
  109  6:46  Extractor  
  110  6:49  Extractor  
  109  6:56  Drone  
  109  6:57  Drone, Zergling x2  
  109  6:58  Zergling x8  
  109  6:59  Overlord  
  116  7:03  Infestor  
  116  7:04  Infestor  
  120  7:11  Queen x2  
  124  7:17  Infestor  
  124  7:22  Queen  
  128  7:25  Spore Crawler  
  128  7:26  Drone x4  
  128  7:27  Zergling x6  
  128  7:28  Zergling x4  
  136  7:36  Overlord x3  
  136  7:40  Roach x3  
  136  7:41  Roach  
  136  7:42  Roach x2  
  136  7:43  Roach x2  
  136  7:44  Roach x2  
  155  7:46  Zergling x2  
  155  7:48  Queen  
  158  7:55  Ravager x3  
  161  8:01  Roach  
  161  8:02  Roach x8  
  179  8:08  Ultralisk Cavern  
  177  8:13  Adrenal Glands  
  177  8:15  Zergling x4  
  177  8:16  Zergling x2  
  177  8:17  Overseer  
  178  8:24  Queen  
  175  8:31  Zerg Melee Weapons Level 1  
  173  8:35  Zergling x16  
  173  8:36  Zergling x4  
  173  8:39  Overlord x4  
  183  8:58  Ultralisk x2  
  191  9:03  Ultralisk  
  191  9:04  Ultralisk  
  191  9:08  Ultralisk  
  191  9:09  Zergling x6  
  184  9:13  Chitinous Plating  
  184  9:16  Zerg Ground Armor Level 2  
  184  9:23  Zergling x14  
  190  9:29  Ultralisk  
  190  9:30  Zergling x2  
  193  9:42  Ultralisk  
  193  9:43  Zergling x12  
  158  10:01  Ultralisk x2, Zergling x16  
  158  10:03  Zergling x2  
  179  10:07  Overlord x2  
  179  10:08  Overseer  
  173  10:17  Pathogen Glands, Queen  
  155  10:24  Ultralisk x2  
  155  10:25  Zergling x2  
  168  10:33  Ultralisk  
  168  10:34  Zergling x8  
  178  10:39  Queen  
  180  10:44  Ultralisk  
  180  10:45  Zergling x4  
  186  10:55  Ultralisk  
  186  10:56  Zergling x10  
  183  11:13  Zergling x2  
  183  11:14  Zergling x14  
Show
View Real Time Build Order
Export as new Build Order

iaguz Terran 

Build Orders: Liberator Opening, Reaper Expand, Bio Tank 

Get SALT Encoding   

  12  0:01  SCV  
  13  0:13  SCV  
  14  0:17  Supply Depot  
  14  0:25  SCV  
  15  0:38  SCV  
  15  0:40  Barracks  
  16  0:44  Refinery  
  16  0:51  SCV  
  17  1:03  SCV  
  18  1:15  SCV  
  19  1:27  Orbital Command  
  19  1:28  Reaper  
  20  1:41  Command Center  
  20  1:50  Supply Depot  
  20  1:52  SCV  
  21  1:59  Marine  
  22  2:04  SCV  
  22  2:08  Factory  
  23  2:16  SCV  
  23  2:17  Refinery  
  23  2:22  Barracks Reactor  
  24  2:28  SCV  
  25  2:40  SCV  
  26  2:53  SCV  
  26  2:54  Orbital Command  
  27  3:01  Marine x2  
  27  3:02  Starport  
  29  3:08  Factory Tech Lab  
  30  3:12  SCV  
  30  3:14  Bunker  
  30  3:21  Marine  
  30  3:22  Marine  
  30  3:23  SCV  
  30  3:25  SCV  
  34  3:35  SCV  
  34  3:38  SCV  
  34  3:40  Factory Tech Lab  
  36  3:46  Liberator  
  36  3:49  Marine x2  
  36  3:54  SCV  
  36  3:55  Command Center  
  39  3:56  SCV  
  40  4:07  SCV  
  44  4:14  SCV  
  44  4:17  Supply Depot  
  44  4:21  Supply Depot, SCV  
  45  4:25  Engineering Bay x2  
  45  4:26  SCV  
  48  4:38  SCV x2  
  48  4:40  Marine  
  48  4:41  Stimpack  
  49  4:50  SCV x2  
  50  4:56  Terran Infantry Weapons Level 1, Terran Infantry Armor Level 1  
  50  4:57  Starport Reactor  
  50  4:58  Refinery x2  
  50  4:59  Marine  
  51  5:02  SCV x2  
  51  5:03  Barracks  
  51  5:05  Barracks  
  56  5:07  Siege Tank  
  56  5:09  Orbital Command  
  56  5:14  SCV x2  
  58  5:23  Marine  
  58  5:27  SCV x2  
  58  5:28  Liberator x2, Barracks  
  61  5:30  Barracks  
  61  5:33  Orbital Command  
  61  5:37  Supply Depot  
  61  5:39  Supply Depot  
  61  5:43  SCV x2  
  61  5:47  Widow Mine  
  71  5:55  SCV x2  
  73  5:58  SCV  
  74  6:06  Missile Turret  
  74  6:07  Armory, SCV x2  
  74  6:08  Missile Turret  
  74  6:09  Missile Turret  
  76  6:12  Marine x3  
  76  6:13  Barracks Reactor  
  76  6:15  SCV  
  80  6:19  SCV  
  80  6:20  Barracks Reactor x2  
  80  6:23  Siege Tank  
  80  6:24  SCV  
  85  6:27  SCV  
  86  6:33  SCV  
  86  6:36  SCV  
  86  6:37  Supply Depot  
  86  6:38  Supply Depot  
  86  6:39  Supply Depot, SCV  
  89  6:40  Marine  
  89  6:42  Marine x2  
  89  6:45  SCV, Combat Shields  
  93  6:58  SCV, Medivac x2  
  93  6:59  SCV x2  
  100  7:02  Refinery x2  
  100  7:06  Marine x2  
  100  7:07  Marine x6  
  108  7:09  Marine  
  108  7:15  Siege Tank  
  114  7:18  Factory  
  114  7:20  Barracks x2  
  112  7:25  Supply Depot  
  112  7:26  Supply Depot x2, Barracks, Marine x3  
  112  7:28  Marine  
  116  7:37  Marine  
  117  7:46  Medivac, Marine x4  
  117  7:47  Marauder, Medivac  
  117  7:48  Supply Depot  
  117  7:49  Supply Depot  
  127  7:56  Siege Tank  
  130  8:08  Marauder, Marine x2  
  130  8:10  Marine x3  
  137  8:15  Marine x2  
  137  8:16  Marine  
  136  8:24  Marine  
  136  8:25  Marine  
  135  8:27  Factory Tech Lab, Marine x2  
  135  8:29  Marauder  
  139  8:37  Marine x4  
  139  8:38  Marine  
  139  8:39  Siege Tank, Medivac  
  149  8:42  Supply Depot  
  149  8:43  Supply Depot  
  149  8:44  Supply Depot  
  149  8:51  Marauder  
  151  9:02  Marine  
  151  9:07  Marine x2  
  147  9:11  Marine x3  
  147  9:12  Marine x4  
  147  9:13  Siege Tank x2, Marine  
  147  9:14  Medivac  
  147  9:15  Medivac  
  165  9:22  Marine  
  166  9:25  Marine x2  
  166  9:29  Marine x3  
  173  9:31  Marauder  
  169  9:42  Marine x2  
  165  9:48  Marine x2  
  165  9:52  Marauder  
  164  9:54  Marine x2  
  164  9:59  Marine  
  129  10:03  Marine  
  129  10:04  Marine x2  
  129  10:06  Barracks Tech Lab x2  
  130  10:07  Siege Tank  
  130  10:14  Marauder, Marine x2  
  131  10:17  Marine x2  
  131  10:19  Marine  
  124  10:25  Marine x3  
  124  10:26  Marauder  
  124  10:27  Siege Tank, Medivac x2  
  135  10:29  Marauder  
  135  10:32  Marine x2  
  135  10:35  Marauder  
  141  10:37  Marine x3  
  144  10:43  Marine x3  
  144  10:47  Marauder  
  145  10:50  Marine x2  
  145  10:51  Marauder  
  145  10:56  Marauder  
  148  10:58  Marine x3  
  148  11:00  Siege Tank x2  
  148  11:01  Medivac x2, Marine  
  162  11:08  Marauder  
  146  11:14  Marauder, Marine x2  
Tags
 
Add a new tag
Caveats
  • Supply blocks, unpowered buildings, or Contaminate may cause inaccurate times.
  • Supply counts are checked every 10 seconds.